 Dungeon Crawl Stone Soup version 0.25-a0-190-g27fffb8c76 (webtiles) character file.

Game seed: 8651147129875604707, levelgen mode: deterministic

1106 Goreval the Poker (level 8, -1/62 HPs)
             Began as a Demonspawn Fighter on Nov 30, 2019.
             Was an Initiate of Yredelemnul.
             Slain by a sky beast (5 damage)
             ... on level 5 of the Dungeon.
             The game lasted 00:12:12 (6199 turns).

Goreval the Poker (Demonspawn Fighter)              Turns: 6199, Time: 00:12:13

Health: -1/62      AC:  8    Str: 19    XL:     8   Next: 11%
Magic:  8/8        EV:  7    Int: 15    God:    Yredelemnul [......]
Gold:   290        SH: 10    Dex: 12    Spells: 7/7 levels left

rFire    . . .     SeeInvis .   a - +0 trident
rCold    + . .     Gourm    .   c - +1 shield
rNeg     . . .     Faith    .   b - +0 scale mail
rPois    .         Spirit   .   (helmet restricted)
rElec    .         Reflect  .   (no cloak)
rCorr    .         Harm     .   s - +0 pair of gloves
MR       .....                  (no boots)
Stlth    ..........             o - amulet of regeneration
HPRegen  0.60/turn              u - ring of protection from cold
MPRegen  0.11/turn              (no ring)

@: brilliant
A: antennae 1, hooves 1, powered by pain 2
a: Renounce Religion


You were on level 5 of the Dungeon.
You worshipped Yredelemnul.
Yredelemnul was noncommittal.
You were not hungry.

You visited 2 branches of the dungeon, and saw 6 of its levels.

You collected 290 gold pieces.

Inventory:

Hand Weapons
 a - a +0 trident (weapon)
Missiles
 e - 2 boomerangs of dispersal
 g - 2 boomerangs
 n - 164 stones (quivered)
Armour
 b - a +0 scale mail (worn)
 c - a +1 shield (worn)
 s - a +0 pair of gloves (worn)
Jewellery
 o - an amulet of regeneration (around neck)
 u - a ring of protection from cold (left hand)
Wands
 t - a wand of disintegration (11)
 y - a wand of polymorph (6)
Scrolls
 j - 2 scrolls of immolation
 k - 4 scrolls of teleportation
 p - a scroll of remove curse
 q - 2 scrolls of amnesia
Potions
 d - a potion of flight
 h - a potion of haste {unknown}
 m - a potion of agility {unknown}
 r - a potion of brilliance
 x - a potion of magic {unknown}
Comestibles
 f - 5 rations
 i - 2 chunks of flesh


   Skills:
 + Level 5.1 Fighting
 * Level 5.7 Polearms
 + Level 4.7 Armour
 + Level 4.7 Shields


You had 7 spell levels left.
You didn't know any spells.
Your spell library was empty.

Dungeon Overview and Level Annotations

Branches:
Dungeon (5/15)             Temple (1/1) D:4

Altars:
Ashenzari
Dithmenos
Kikubaaqudgha
Qazlal
Sif Muna
Trog
Vehumet
Wu Jian
Xom
Yredelemnul
Zin
The Shining One

Shops:
D:5 }

Annotations:
D:3 1 runed translucent door, Crazy Yiuf


Innate Abilities, Weirdness & Mutations

You have a pair of small antennae on your head.
You have large cloven feet.
You sometimes gain power by taking damage.


Message History

* * * LOW HITPOINT WARNING * * *
Okay, then.
Okay, then.
It was a potion of brilliance.
You feel clever all of a sudden. Something hits you but does no damage.
You closely miss something. You kick something. You block something's attack.
Your shield and scale mail prevent you from hitting something.
Something hits you but does no damage.
You miss something. Something hits you but does no damage.
You puncture something! Something hits you.
* * * LOW HITPOINT WARNING * * *
Something shocks you.
* * * LOW HITPOINT WARNING * * *
Unknown command.
Nothing appears to happen.
Something hits you.
* * * LOW HITPOINT WARNING * * *
Something shocks you.
You die...
Your body rises from the dead as a mindless zombie.

.#####....#.#....#...............
.......####.#....#########.......
................... # #.......
................##.. .# #.......
................# .....# #.......
.#####..........# ....# #.......
.# #...........# ....# #.......
.# #...#.####+###.....# #.......
.# #...........@{.# ........ .#
#.........(###.# .# #...########
# .# #...# .# #...# ## #...#
#...# #...# #...#


There were no monsters in sight!

Vanquished Creatures
  Edmund (D:3)
  Duvessa (D:5)
  A wyvern zombie (D:5)
  Dowan (D:5)
  A hound (D:5)
  5 orc priests
  A bullfrog skeleton (D:5)
  Jessica (D:3)
  6 orc wizards
  Natasha (thrice) (D:4)
  3 worker ants (D:4)
  Ijyb (D:3)
  A hound skeleton (D:4)
  A gnoll (D:1)
  7 adders
  An ooze (D:1)
  A worm (D:3)
  4 dart slugs (D:1)
  4 leopard geckos
  19 orcs
  6 giant cockroaches
  5 goblins
  9 hobgoblins
  7 kobolds
  A quokka (D:2)
  10 bats
  4 frilled lizards
  6 rats
  A fungus (D:3)
112 creatures vanquished.

Notes
Turn   | Place    | Note
-------+----------+-------------------------------------------
     0 | D:1      | Goreval the Demonspawn Fighter began the quest for the Orb.
     0 | D:1      | Reached XP level 1. HP: 18/18 MP: 1/1
   177 | D:1      | Gained mutation: You sometimes gain a little power by
                  | taking damage. [demonic ancestry]
   177 | D:1      | Reached XP level 2. HP: 17/24 MP: 2/2
   391 | D:1      | Gained mutation: You have a pair of small antennae on your
                  | head. [demonic ancestry]
   391 | D:1      | Reached XP level 3. HP: 14/29 MP: 3/3
  1157 | D:2      | Found a glowing golden altar of the Shining One.
  1160 | D:2      | Gained mutation: You have large cloven feet. [demonic
                  | ancestry]
  1160 | D:2      | Reached XP level 4. HP: 32/35 MP: 4/4
  2210 | D:3      | Gained mutation: You sometimes gain power by taking damage.
                  | [demonic ancestry]
  2210 | D:3      | Reached XP level 5. HP: 8/42 MP: 5/5
  2601 | D:3      | Noticed Ijyb
  2618 | D:3      | Killed Ijyb
  2618 | D:3      | Noticed Jessica
  2620 | D:3      | Killed Jessica
  3394 | D:3      | Found a runed translucent door.
  3395 | D:3      | Noticed Crazy Yiuf
  3473 | D:4      | Found a shadowy altar of Dithmenos.
  3512 | D:4      | Reached XP level 6. HP: 46/48 MP: 6/6
  3565 | D:4      | Found a shattered altar of Ashenzari.
  3941 | D:4      | Found a radiant altar of Vehumet.
  3941 | D:4      | Noticed Natasha
  3942 | D:4      | Found a glowing silver altar of Zin.
  3946 | D:4      | Killed Natasha
  3985 | D:4      | Found a staircase to the Ecumenical Temple.
  3985 | D:4      | Noticed Edmund
  4034 | D:3      | Killed Edmund
  4224 | D:3      | Reached XP level 7. HP: 38/55 MP: 7/7
  4345 | Temple   | Entered the Ecumenical Temple
  4352 | Temple   | Became a worshipper of Yredelemnul the Dark
  4739 | D:4      | Noticed Natasha
  4745 | D:4      | Killed Natasha
  4852 | D:4      | Noticed Natasha
  4859 | D:4      | Killed Natasha
  4859 | D:4      | Reached skill level 5 in Polearms
  5034 | D:5      | Entered Level 5 of the Dungeon
  5072 | D:5      | Noticed Duvessa
  5077 | D:5      | Found Ruessuasch's Gadget Emporium.
  5091 | D:5      | Noticed Dowan
  5107 | D:5      | Killed Duvessa
  5109 | D:5      | HP: 1/55 [Dowan/stone arrow (19)]
  5435 | D:5      | Killed Dowan
  5600 | D:5      | Reached skill level 5 in Fighting
  5708 | D:5      | Reached XP level 8. HP: 12/62 MP: 8/8
  6199 | D:5      | Slain by a sky beast

Levels and vault maps discovered:
D:1:      dpeg_arrival_concentric_ovals, layout_loops_ring
D:2:      layout_rooms, old_standard_altar, serial_bayou_pond_a,
          hangedman_decor_clover_reticule, chequers_jeans, patterned_corridor
D:3:      layout_basic, uniq_crazy_yiuf_cottage, uniq_ijyb, uniq_jessica
D:4:      layout_cave_pools, grunt_dithmenos_smoke, cheibrodos_ashenzari_chains,
          gammafunk_temple_overflow_pools, minmay_temple_entry_sparse_star,
          first_ration, uniq_natasha, uniq_edmund
D:5:      layout_basic, serial_shops, shop, uniq_duvessa
Temple:   cyrus_circular_temple

Skill      XL: |  1  2  3  4  5  6  7 |
---------------+----------------------+-----
Polearms       | 2 3 4 5 |  5.7
Armour         | 3 4 |  4.7
Shields        | 3 4 |  4.7
Fighting       | 4 5 |  5.1

Action                   |  1- 3 |  4- 6 |  7- 9 || total
-------------------------+-------+-------+-------++-------
Melee: Trident           |   111 |   233 |   203 ||   547
       Kick              |       |    59 |    48 ||   107
Throw: Stone             |       |    11 |     8 ||    19
Evoke: Wand              |       |       |     2 ||     2
  Use: Potion            |       |     1 |     7 ||     8
       Scroll            |       |       |     9 ||     9
  Eat: Chunk             |     1 |    10 |     3 ||    14
       Ration            |       |       |     1 ||     1
Armor: Scale mail        |    27 |    67 |   102 ||   196
Dodge: Dodged            |    30 |    63 |    50 ||   143
Block: Shield            |    34 |   106 |    91 ||   231

Table legend:
 A = Non-vault XP
 B = Vault XP
 C = Vault XP percentage of total XP
 D = Non-vault monster count
 E = Vault monster count
 F = Vault count percentage of total count
                 A         B        C        D         E       F
            +---------+---------+-------+---------+---------+-------
      Total |    1080 |     501 |  31.7 |     105 |       6 |   5.4
            +---------+---------+-------+---------+---------+-------
        D:1 |      72 |       0 |   0.0 |      29 |       0 |   0.0
        D:2 |      68 |       0 |   0.0 |      13 |       0 |   0.0
        D:3 |     158 |     241 |  60.4 |      25 |       3 |  10.7
        D:4 |     470 |      35 |   6.9 |      25 |       1 |   3.8
        D:5 |     312 |     225 |  41.9 |      13 |       2 |  13.3
            +---------+---------+-------+---------+---------+-------
